TOP OF THE 1ST |
Scranton WB RailRiders batting - Pitching for Tacoma Rainiers : RHP Joe Pruitt
|
Pitching: RHP Joe Pruitt
|
|
Batting: RHB Neal Tinoco
|
0-0: Ball 1-0: Ball 2-0: Fly out, F7 (Flyball, 7LS, EV 88.1 MPH)
|
Batting: RHB Ryan Alban
|
0-0: Called Strike 0-1: Ball 1-1: Ball 2-1: Ball 3-1: Foul Ball, location: 2F 3-2: Strikes out swinging
|
Batting: RHB Sean Neuroth
|
0-0: Called Strike 0-1: Foul Ball, location: 2F 0-2: Ball 1-2: Ball 2-2: Foul Ball, location: 2F 2-2: SINGLE (Flyball, 34D, EV 86.3 MPH)
|
Batting: SHB Cristiano Serrão
|
0-0: Ball 1-0: Ball 2-0: Called Strike 2-1: Foul Ball, location: 2F 2-2: Strikes out swinging, 2-3 out at first.
|
Top of the 1st over - 0 runs, 1 hit, 0 errors, 1 left on base; Scranton WB 0 - Tacoma 0 |
BOTTOM OF THE 1ST |
Tacoma Rainiers batting - Pitching for Scranton WB RailRiders : RHP Greg Adair
|
Pitching: RHP Greg Adair
|
|
Batting: RHB David Aguilar
|
0-0: DOUBLE (Line Drive, 7LM, EV 97.5 MPH)
|
Batting: RHB Sean Peake
|
0-0: Ground out 1-3 (Groundball, 34S, EV 65.0 MPH) David Aguilar to third
|
Batting: RHB Bill Vives
|
0-0: Ball Wild Pitch! David Aguilar scores 1-0: Foul Ball, location: 2F 1-1: Ball 2-1: Called Strike 2-2: Ball 3-2: Base on Balls
|
Batting: LHB Ryan Lowe
|
0-0: Ball 1-0: Ball 2-0: Called Strike 2-1: Foul Ball, location: 2F 2-2: Ball 3-2: Base on Balls Bill Vives to second
|
Batting: RHB Kevin Chafe
|
0-0: Called Strike 0-1: Called Strike 0-2: Foul Ball, location: 2F 0-2: Ball 1-2: Strikes out looking
|
Batting: RHB Tatsunori Hayakawa
|
0-0: Fly out, F4 (Flyball, 34D, EV 88.1 MPH)
|
Bottom of the 1st over - 1 run, 1 hit, 0 errors, 2 left on base; Scranton WB 0 - Tacoma 1 |
TOP OF THE 2ND |
Scranton WB RailRiders batting - Pitching for Tacoma Rainiers : RHP Joe Pruitt
|
Batting: RHB Scott King
|
0-0: Ball 1-0: Fly out, F3 (Popup, 3F, EV 69.4 MPH)
|
Batting: RHB Russ Shambaugh
|
0-0: SINGLE (Flyball, 34D, EV 93.8 MPH)
|
Batting: LHB Kazuyoshi Nakamura
|
0-0: Ball 1-0: Called Strike 1-1: Called Strike 1-2: Ball 2-2: Ball 3-2: SINGLE (Line Drive, 7LS, EV 93.1 MPH) Russ Shambaugh to second Russ Shambaugh to third
|
Batting: RHB Jeremy Boerman
|
0-0: Fielders Choice at 2nd, 6-4 (Groundball, 6, EV 93.1 MPH) Russ Shambaugh scores
|
Batting: LHB Frank Mullen
|
0-0: Called Strike 0-1: Foul Ball, location: 2F 0-2: Foul Ball, location: 2F 0-2: Ground out 4-3 (Groundball, 4S, EV 87.5 MPH)
|
Top of the 2nd over - 1 run, 2 hits, 0 errors, 1 left on base; Scranton WB 1 - Tacoma 1 |
BOTTOM OF THE 2ND |
Tacoma Rainiers batting - Pitching for Scranton WB RailRiders : RHP Greg Adair
|
Pitching: RHP Gary Caldwell
|
|
Batting: SHB Ismael Bello
|
0-0: Ball 1-0: Foul Ball, location: 2F 1-1: Foul Ball, location: 2F 1-2: Foul Ball, location: 2F 1-2: Foul Ball, location: 2F 1-2: Ground out U3 (Groundball, 3, EV 91.3 MPH)
|
Batting: RHB Jim Begger
|
0-0: Ball 1-0: Ball 2-0: Ball 3-0: Called Strike 3-1: Swinging Strike 3-2: Foul Ball, location: 2F 3-2: Strikes out swinging, 2-3 out at first.
|
Batting: RHB Matt Berkley
|
0-0: Ball 1-0: Ball 2-0: Ball 3-0: Called Strike 3-1: Foul Ball, location: 2F 3-2: Foul Ball, location: 2F 3-2: Fly out, F8 (Flyball, 8LS, EV 85.6 MPH)
|
Bottom of the 2nd over - 0 runs, 0 hits, 0 errors, 0 left on base; Scranton WB 1 - Tacoma 1 |
TOP OF THE 3RD |
Scranton WB RailRiders batting - Pitching for Tacoma Rainiers : RHP Joe Pruitt
|
Batting: RHB Neal Tinoco
|
0-0: Foul Ball, location: 2F 0-1: Foul Ball, location: 2F 0-2: Ball 1-2: Foul Ball, location: 2F 1-2: Ground out 5-3 (Groundball, 56, EV 75.0 MPH)
|
Batting: RHB Ryan Alban
|
0-0: Ball 1-0: Ball 2-0: Ball 3-0: Called Strike 3-1: Base on Balls
|
Batting: RHB Sean Neuroth
|
0-0: Ground out 6-3 (Groundball, 6MS, EV 73.1 MPH) Ryan Alban to second
|
Batting: SHB Cristiano Serrão
|
0-0: Called Strike 0-1: Ground out 5-3 (Groundball, 5, EV 85.6 MPH)
|
Top of the 3rd over - 0 runs, 0 hits, 0 errors, 1 left on base; Scranton WB 1 - Tacoma 1 |
BOTTOM OF THE 3RD |
Tacoma Rainiers batting - Pitching for Scranton WB RailRiders : RHP Gary Caldwell
|
Batting: RHB David Aguilar
|
0-0: Ball 1-0: Swinging Strike 1-1: Ball 2-1: Ball 3-1: Called Strike 3-2: Ground out 6-3 (Groundball, 6, EV 85.0 MPH)
|
Batting: RHB Sean Peake
|
0-0: Ground out 4-3 (Groundball, 4, EV 105.0 MPH)
|
Batting: RHB Bill Vives
|
0-0: Ball 1-0: Fly out, F8 (Flyball, 8LD, EV 106.3 MPH)
|
Bottom of the 3rd over - 0 runs, 0 hits, 0 errors, 0 left on base; Scranton WB 1 - Tacoma 1 |
TOP OF THE 4TH |
Scranton WB RailRiders batting - Pitching for Tacoma Rainiers : RHP Joe Pruitt
|
Batting: RHB Scott King
|
0-0: Ball 1-0: SINGLE (Flyball, 8LS, EV 93.8 MPH)
|
Batting: RHB Russ Shambaugh
|
0-0: 2-RUN HOME RUN (Line Drive, 9D, EV 99.4 MPH), Distance : 383 ft
|
Batting: LHB Kazuyoshi Nakamura
|
0-0: Fly out, F8 (Flyball, 8RXD, EV 92.5 MPH)
|
Batting: RHB Jeremy Boerman
|
0-0: Ground out 4-3 (Groundball, 4S, EV 68.1 MPH)
|
Batting: LHB Frank Mullen
|
0-0: Called Strike 0-1: Foul Ball, location: 2F 0-2: Ball 1-2: Foul Ball, location: 2F 1-2: Ball 2-2: Ball 3-2: Foul Ball, location: 2F 3-2: Fly out, F8 (Flyball, 89D, EV 95.0 MPH)
|
Top of the 4th over - 2 runs, 2 hits, 0 errors, 0 left on base; Scranton WB 3 - Tacoma 1 |
BOTTOM OF THE 4TH |
Tacoma Rainiers batting - Pitching for Scranton WB RailRiders : RHP Gary Caldwell
|
Batting: LHB Ryan Lowe
|
0-0: Fly out, F7 (Flyball, 7S, EV 83.1 MPH)
|
Batting: RHB Kevin Chafe
|
0-0: Foul Ball, location: 2F 0-1: SINGLE (Line Drive, 34D, EV 98.8 MPH)
|
Batting: RHB Tatsunori Hayakawa
|
0-0: SINGLE (Flyball, 78S, EV 93.8 MPH) Kevin Chafe to second
|
Batting: SHB Ismael Bello
|
0-0: Ball 1-0: Fly out, F4 (Popup, 23, EV 92.5 MPH)
|
Batting: RHB Jim Begger
|
0-0: Called Strike 0-1: Ball 1-1: Called Strike 1-2: Ball 2-2: Strikes out swinging
|
Bottom of the 4th over - 0 runs, 2 hits, 0 errors, 2 left on base; Scranton WB 3 - Tacoma 1 |
TOP OF THE 5TH |
Scranton WB RailRiders batting - Pitching for Tacoma Rainiers : RHP Joe Pruitt
|
Batting: RHB Neal Tinoco
|
0-0: Ball 1-0: Ball 2-0: Called Strike 2-1: Fly out, F4 (Popup, 4S, EV 61.9 MPH)
|
Batting: RHB Ryan Alban
|
0-0: Called Strike 0-1: Swinging Strike 0-2: Ball 1-2: Ball 2-2: Foul Ball, location: 2F 2-2: Ball 3-2: Foul Ball, location: 2F 3-2: Ground out 2-3 (Groundball, 2L, EV 76.3 MPH)
|
Batting: RHB Sean Neuroth
|
0-0: SOLO HOME RUN (Flyball, 7D, EV 95.0 MPH), Distance : 363 ft
|
Batting: SHB Cristiano Serrão
|
0-0: Ball 1-0: SOLO HOME RUN (Flyball, 7D, EV 96.3 MPH), Distance : 369 ft
|
Pitching: RHP Michito Ito
|
|
Batting: RHB Scott King
|
0-0: Called Strike 0-1: Called Strike 0-2: Ball 1-2: Ball 2-2: Fly out, F7 (Flyball, 7, EV 83.8 MPH)
|
Top of the 5th over - 2 runs, 2 hits, 0 errors, 0 left on base; Scranton WB 5 - Tacoma 1 |
BOTTOM OF THE 5TH |
Tacoma Rainiers batting - Pitching for Scranton WB RailRiders : RHP Gary Caldwell
|
Batting: RHB Matt Berkley
|
0-0: Foul Ball, location: 2F 0-1: Foul Ball, location: 2F 0-2: Ball 1-2: Strikes out looking
|
Batting: RHB David Aguilar
|
0-0: Foul Ball, location: 2F 0-1: Called Strike 0-2: Ball 1-2: Ball 2-2: Ground out U3 (Groundball, 34S, EV 91.3 MPH)
|
Batting: RHB Sean Peake
|
0-0: Ball 1-0: Foul Ball, location: 2F 1-1: Swinging Strike 1-2: Strikes out swinging
|
Bottom of the 5th over - 0 runs, 0 hits, 0 errors, 0 left on base; Scranton WB 5 - Tacoma 1 |
TOP OF THE 6TH |
Scranton WB RailRiders batting - Pitching for Tacoma Rainiers : RHP Michito Ito
|
Batting: RHB Russ Shambaugh
|
0-0: Ball 1-0: Ball 2-0: Ball 3-0: Called Strike 3-1: Base on Balls
|
Batting: LHB Kazuyoshi Nakamura
|
0-0: Foul Ball, location: 2F 0-1: Grounds into double play, 6-4-3 (Groundball, 6, EV 88.1 MPH)
|
Batting: RHB Jeremy Boerman
|
0-0: Ball 1-0: Ball 2-0: Ball 3-0: Called Strike 3-1: Base on Balls
|
Batting: LHB Frank Mullen
|
0-0: Ball Jeremy Boerman is caught stealing 2nd base 2-6
|
Top of the 6th over - 0 runs, 0 hits, 0 errors, 0 left on base; Scranton WB 5 - Tacoma 1 |
BOTTOM OF THE 6TH |
Tacoma Rainiers batting - Pitching for Scranton WB RailRiders : RHP Gary Caldwell
|
Batting: RHB Bill Vives
|
0-0: Ground out 5-3 (Groundball, 56, EV 105.6 MPH)
|
Batting: LHB Ryan Lowe
|
0-0: Ball 1-0: Called Strike 1-1: Foul Ball, location: 2F 1-2: Ball 2-2: Ball 3-2: Foul Ball, location: 2F 3-2: SOLO HOME RUN (Flyball, 7D, EV 95.0 MPH), Distance : 366 ft
|
Batting: RHB Kevin Chafe
|
0-0: Ball 1-0: Called Strike 1-1: Ball 2-1: Foul Ball, location: 2F 2-2: Strikes out swinging
|
Pitching: RHP Justin Byrne
|
|
Batting: RHB Tatsunori Hayakawa
|
0-0: Ball 1-0: Ball 2-0: Foul Ball, location: 2F 2-1: SINGLE (Groundball, 4MD, EV 101.3 MPH)
|
Batting: SHB Ismael Bello
|
0-0: Ball 1-0: Ball 2-0: Called Strike 2-1: Called Strike Tatsunori Hayakawa steals 2nd base (no throw) 2-2: Fly out, F8 (Flyball, 89D, EV 100.0 MPH)
|
Bottom of the 6th over - 1 run, 2 hits, 0 errors, 1 left on base; Scranton WB 5 - Tacoma 2 |
TOP OF THE 7TH |
Scranton WB RailRiders batting - Pitching for Tacoma Rainiers : RHP Michito Ito
|
Batting: LHB Frank Mullen
|
0-0: Called Strike 0-1: Ball 1-1: Ball 2-1: Swinging Strike 2-2: Ball 3-2: Base on Balls
|
Batting: RHB Neal Tinoco
|
0-0: Ball 1-0: Sac Bunt to 3S - play at second, runner OUT! 3-6
|
Batting: RHB Ryan Alban
|
0-0: Ball 1-0: Called Strike 1-1: Ball 2-1: Swinging Strike 2-2: Ball 3-2: Strikes out looking
|
Batting: RHB Sean Neuroth
|
0-0: Called Strike Neal Tinoco is caught stealing 2nd base 2-4
|
Top of the 7th over - 0 runs, 0 hits, 0 errors, 0 left on base; Scranton WB 5 - Tacoma 2 |
BOTTOM OF THE 7TH |
Tacoma Rainiers batting - Pitching for Scranton WB RailRiders : RHP Justin Byrne
|
Batting: RHB Jim Begger
|
0-0: Ball 1-0: Ground out 6-3 (Groundball, 6, EV 92.5 MPH)
|
Batting: RHB Matt Berkley
|
0-0: Called Strike 0-1: Ball 1-1: Ground out U3 (Groundball, 34, EV 78.1 MPH)
|
Batting: RHB David Aguilar
|
0-0: Called Strike 0-1: Ball 1-1: Swinging Strike 1-2: Foul Ball, location: 2F 1-2: Foul Ball, location: 2F 1-2: Ball 2-2: Ball 3-2: Fly out, F9 (Line Drive, 89M, EV 100.0 MPH)
|
Bottom of the 7th over - 0 runs, 0 hits, 0 errors, 0 left on base; Scranton WB 5 - Tacoma 2 |
TOP OF THE 8TH |
Scranton WB RailRiders batting - Pitching for Tacoma Rainiers : RHP Michito Ito
|
Pitching: RHP Francisco Mercado
|
|
Batting: RHB Sean Neuroth
|
0-0: Foul Ball, location: 2F 0-1: Ball 1-1: Foul Ball, location: 2F 1-2: Foul Ball, location: 2F 1-2: Foul Ball, location: 2F 1-2: Ball 2-2: Ball 3-2: Ground out 6-3 (Groundball, 6, EV 98.8 MPH)
|
Batting: SHB Cristiano Serrão
|
0-0: Foul Ball, location: 2F 0-1: Swinging Strike 0-2: Foul Ball, location: 2F 0-2: Ball 1-2: Fly out, F9 (Flyball, 9, EV 86.9 MPH)
|
Batting: RHB Scott King
|
0-0: Called Strike 0-1: Swinging Strike 0-2: Ball 1-2: Ball 2-2: Ground out 4-3 (Groundball, 4, EV 87.5 MPH)
|
Top of the 8th over - 0 runs, 0 hits, 0 errors, 0 left on base; Scranton WB 5 - Tacoma 2 |
BOTTOM OF THE 8TH |
Tacoma Rainiers batting - Pitching for Scranton WB RailRiders : RHP Justin Byrne
|
Pitching: RHP Erik Sever
|
|
Batting: RHB Sean Peake
|
0-0: Ball 1-0: Ground out 6-3 (Groundball, 6, EV 105.6 MPH)
|
Batting: RHB Bill Vives
|
0-0: Swinging Strike 0-1: Called Strike 0-2: Ball 1-2: Ball 2-2: Foul Ball, location: 2F 2-2: Strikes out swinging
|
Batting: LHB Ryan Lowe
|
0-0: Called Strike 0-1: Fly out, F7 (Flyball, 78S, EV 78.8 MPH)
|
Bottom of the 8th over - 0 runs, 0 hits, 0 errors, 0 left on base; Scranton WB 5 - Tacoma 2 |
TOP OF THE 9TH |
Scranton WB RailRiders batting - Pitching for Tacoma Rainiers : RHP Francisco Mercado
|
Pitching: RHP Dave McGee
|
|
Batting: RHB Russ Shambaugh
|
0-0: Called Strike 0-1: Called Strike 0-2: SINGLE (Groundball, P, EV 95.6 MPH)
|
Batting: LHB Kazuyoshi Nakamura
|
Pickoff Throw to First - Error! E1 Russ Shambaugh to second 0-0: Intentional Walk
|
Batting: RHB Jeremy Boerman
|
0-0: Ball 1-0: Grounds into double play, 4-6-3 (Groundball, 4, EV 88.1 MPH) Russ Shambaugh to third
|
Batting: LHB Frank Mullen
|
0-0: Called Strike 0-1: Ball 1-1: Foul Ball, location: 2F 1-2: Ball 2-2: Ground out 6-3 (Groundball, 6, EV 83.1 MPH)
|
Top of the 9th over - 0 runs, 1 hit, 1 error, 1 left on base; Scranton WB 5 - Tacoma 2 |
BOTTOM OF THE 9TH |
Tacoma Rainiers batting - Pitching for Scranton WB RailRiders : RHP Erik Sever
|
Pitching: RHP Tom Kelley
|
|
Batting: RHB Kevin Chafe
|
0-0: Foul Ball, location: 2F 0-1: Ball 1-1: Swinging Strike 1-2: Strikes out swinging
|
Batting: RHB Tatsunori Hayakawa
|
0-0: Ball 1-0: Called Strike 1-1: TRIPLE (Flyball, 78XD, EV 104.4 MPH)
|
Batting: SHB Ismael Bello
|
0-0: Ball 1-0: Called Strike 1-1: Called Strike 1-2: Strikes out swinging
|
Pinch Hitting: SHB Tony de Lara
|
0-0: Called Strike 0-1: Foul Ball, location: 2F 0-2: Ball 1-2: Ball 2-2: Ground out 6-3 (Groundball, 6S, EV 68.1 MPH)
|
Bottom of the 9th over - 0 runs, 1 hit, 0 errors, 1 left on base; Scranton WB 5 - Tacoma 2 |
|